Icehogs vs Penguins
Created - May 17, 2023 at 21:53
Goals
|
| Icehogs |
4 |
1 |
0 |
5 |
| Penguins |
2 |
0 |
0 |
2 |
|
Shots
|
| Icehogs |
8 |
14 |
15 |
37 |
| Penguins |
11 |
12 |
8 |
31 |
|
1st period
1. Penguins , Victor Olofsson 25 (Iven Barbashev 32, Andy Andreoff 25) at 10:13
2. Icehogs , J.T. Brown 28 (Stefan Matteau 19, Michael Chaput 30) at 15:08
3. Icehogs , Michael Chaput 21 (Stefan Matteau 20, J.T. Brown 37) at 15:24
4. Penguins , Andy Andreoff 21 (Evan Rodrigues 73, Danny Biega 17) at 16:30
5. Icehogs , Clark Bishop 1 (Andrew Mangiapane 28, Hudson Fasching 19) at 17:22
6. Icehogs , Andrew Mangiapane 25 (Hudson Fasching 20) at 18:53
Penalties :
Patrick Sieloff (Roc) for High sticking (Minor) at 5:12
2nd period
7. Icehogs , Stefan Matteau 10 (Michael Chaput 31, Mike Reilly 38) at 10:53 (PP)
Penalties :
Andy Andreoff (Wil) for Hooking (Minor) at 4:18, Denis Malgin (Wil) for Interference (Minor) at 10:11
3rd period
No Goal
Penalties :
Andrew O'Brien (Wil) for Roughing (Minor) at 2:03, Brett Kulak (Wil) for Tripping (Minor) at 15:04, Gavin Bayreuther (Wil) for Cross-checking (Minor) at 18:25
Goalie Stats
Mark Visentin (Roc), 29 saves from 31 shots - (0.935), W, 41-20-7, 60:00 minutes
Anthony Stolarz (Wil), 4 saves from 8 shots - (0.500), L, 3-3-1, 18:53 minutes
Jeremy Swayman (Wil), 28 saves from 29 shots - (0.966), 41:07 minutes
Players Stats for Icehogs
Player Name G A P +/- PIM S H SB GA TA FO MP PP MP PK MP
------------------------------------------------------------------------------------
Andrew Mangiapane 1 1 2 2 0 5 2 0 1 0 0/1 19:38 3:20 0:50
Calle Andersson 0 0 0 0 0 0 0 0 0 0 0/0 5:01 0:00 0:15
Clark Bishop 1 0 1 2 0 1 0 0 1 0 6/11 19:04 3:20 0:06
Duncan Siemens 0 0 0 0 0 0 0 0 0 0 0/0 9:24 0:00 0:00
Hudson Fasching 0 2 2 2 0 3 0 0 1 0 0/1 18:48 3:20 0:00
J.T. Brown 1 1 2 1 0 4 2 2 1 0 0/1 21:48 3:45 0:59
Jeremy Davies 0 0 0 0 0 0 0 0 0 0 0/0 10:45 0:00 0:52
JJ. Piccinich 0 0 0 0 0 0 0 0 0 0 0/0 0:22 0:08 0:00
Julius Honka 0 0 0 0 0 0 0 0 0 1 0/0 19:30 3:14 1:07
Kurtis Gabriel 0 0 0 -1 0 4 2 0 1 0 0/1 13:14 0:00 0:00
Mattias Janmark 0 0 0 0 0 0 0 0 0 0 0/0 0:53 0:19 0:00
Michael Chaput 1 2 3 1 0 6 1 0 1 0 22/36 23:19 4:39 0:37
Mike Reilly 0 1 1 2 0 0 2 1 1 0 0/0 26:20 4:59 0:52
Mikhail Grigorenko 0 0 0 -1 0 4 1 1 0 0 0/0 13:14 0:00 0:00
Mitchell Chaffee 0 0 0 0 0 0 0 0 0 0 0/0 0:00 0:00 0:00
Myles Bell 0 0 0 0 0 0 0 0 0 0 0/1 3:59 1:03 0:00
Nick Mattson 0 0 0 2 0 2 5 0 1 2 0/0 26:20 4:59 0:52
Nick Paul 0 0 0 -1 0 0 0 1 0 0 3/6 14:56 0:00 0:00
Patrick Russell 0 0 0 0 0 0 0 0 0 0 0/0 2:45 0:00 0:00
Patrick Sieloff 0 0 0 0 2 0 0 1 0 1 0/0 18:03 3:14 0:00
Ross Johnston 0 0 0 0 0 0 0 0 0 0 0/0 0:26 0:00 0:26
Stefan Matteau 1 2 3 1 0 8 1 0 0 1 2/2 25:25 4:45 1:00
Zach Whitecloud 0 0 0 0 0 0 0 0 0 0 0/0 4:46 0:00 0:00
Players Stats for Penguins
Player Name G A P +/- PIM S H SB GA TA FO MP PP MP PK MP
------------------------------------------------------------------------------------
Adam Brooks 0 0 0 0 0 1 3 0 0 0 6/12 16:47 0:55 1:26
Andrew O'Brien 0 0 0 0 2 3 1 0 0 0 0/0 27:59 1:04 3:32
Andy Andreoff 1 1 2 -2 2 3 1 0 1 1 1/1 21:41 1:04 3:45
Austin Strand 0 0 0 1 0 0 0 0 0 0 0/0 4:25 0:00 0:00
Brett Kulak 0 0 0 -1 2 1 1 1 2 0 0/0 23:51 1:04 3:49
Danny Biega 0 1 1 -1 0 0 0 1 0 1 0/0 19:20 0:55 3:26
Denis Malgin 0 0 0 0 2 0 2 0 1 0 0/0 7:31 0:00 0:13
Eetu Luostarinen 0 0 0 0 0 0 0 0 0 0 2/5 13:03 0:00 1:40
Evan Rodrigues 0 1 1 -2 0 0 4 0 0 0 14/35 22:29 1:04 4:45
Gavin Bayreuther 0 0 0 -1 2 2 1 3 0 1 0/0 18:47 0:55 2:54
Iven Barbashev 0 1 1 0 0 7 3 0 0 0 0/0 18:44 0:55 3:32
Jeff Malott 0 0 0 0 0 0 1 1 1 1 0/1 7:53 0:00 0:10
John Marino 0 0 0 -1 0 0 1 0 0 1 0/0 13:57 0:00 2:31
Juuso Ikonen 0 0 0 0 0 4 2 0 0 0 0/0 12:04 0:00 0:55
Matthew Finn 0 0 0 -1 0 1 0 0 0 1 0/0 11:39 0:00 0:14
Matthew Tkachuk 0 0 0 -2 0 4 0 0 0 2 2/3 17:20 1:04 0:00
Max Gortz 0 0 0 0 0 2 0 0 0 0 1/1 11:22 0:00 0:00
Sam Kurker 0 0 0 0 0 0 1 0 0 0 1/2 7:29 0:00 0:00
Victor Olofsson 1 0 1 0 0 3 2 0 0 0 0/0 15:21 0:55 0:00
3 Stars
1 - Michael Chaput (Roc)
2 - Stefan Matteau (Roc)
3 - Andrew Mangiapane (Roc)
Power Play
Icehogs - 1 on 5 Attempt(s) - 20.00%
Penguins - 0 on 1 Attempt(s) - 0.00%
Penalty Kill
Icehogs - 1 on 1 Attempt(s) - 100.00%
- Score 0 goal in Penalty Kill
Penguins - 4 on 5 Attempt(s) - 80.00%
- Score 0 goal in Penalty Kill
Team Stat
Icehogs - Hits : 16 - Faceoff Wins : 33 - Blocked Shots : 6 - Penalty Minutes : 2
Penguins - Hits : 23 - Faceoff Wins : 27 - Blocked Shots : 6 - Penalty Minutes : 10
Official
Referees : Jean Hebert and Beaudry Halkidis
Linesman : Ryan Galloway and Pierre Racicot
Game Notes
Jeremy Swayman enters game at 18:53 of 1st period
J.T. Brown is injured at 17:14 of 3rd period (Broken Bone (Left Ankle))
Finance
Level 1 -- Attendance: 2000 (100.00%) -- Ticket Income $70,000
Level 2 -- Attendance: 872 (87.20%) -- Ticket Income $13,080
Total Attendance: 2872 (95.73%)
Total Ticket Income: $83,080
Other Income: $4,154
Total Income: $87,234
Icehogs
5 vs 5 Forward
Center Left Wing Right Wing Time % Phy DF OF
1 Michael Chaput Stefan Matteau J.T. Brown 40 1 2 2
2 Clark Bishop Andrew Mangiapane Hudson Fasching 30 1 2 2
3 Nick Paul Mikhail Grigorenko Kurtis Gabriel 20 1 2 2
4 Stefan Matteau Nick Paul Patrick Russell 10 1 2 2
5 vs 5 Defense
Defense Defense Time % Phy DF OF
1 Nick Mattson Mike Reilly 40 1 2 2
2 Patrick Sieloff Julius Honka 30 1 2 2
3 Duncan Siemens Jeremy Davies 20 1 2 2
4 Calle Andersson Zach Whitecloud 10 1 2 2
PowerPlay Forward
Center Left Wing Right Wing Time % Phy DF OF
1 Michael Chaput Stefan Matteau J.T. Brown 60 1 2 2
2 Clark Bishop Andrew Mangiapane Hudson Fasching 40 1 2 2
PowerPlay Defense
Defense Defense Time % Phy DF OF
1 Nick Mattson Mike Reilly 60 1 2 2
2 Patrick Sieloff Julius Honka 40 1 2 2
Penalty Kill 4 Players Forward
Center Wing Time % Phy DF OF
1 Stefan Matteau J.T. Brown 60 1 2 2
2 Andrew Mangiapane Michael Chaput 40 1 2 2
Penalty Kill 4 Players Defense
Defense Defense Time % Phy DF OF
1 Nick Mattson Mike Reilly 60 1 2 2
2 Patrick Sieloff Julius Honka 40 1 2 2
Penalty Kill - 3 Players Forward
Forward Time % Phy DF OF
1 Stefan Matteau 60 1 2 2
2 J.T. Brown 40 1 2 2
Penalty Kill - 3 Players Defense
Defense Defense Time % Phy DF OF
1 Nick Mattson Mike Reilly 60 1 2 2
2 Patrick Sieloff Julius Honka 40 1 2 2
4 vs 4 Forward
Center Wing Time % Phy DF OF
1 Stefan Matteau J.T. Brown 60 1 2 2
2 Andrew Mangiapane Michael Chaput 40 1 2 2
4 vs 4 Defense
Defense Defense Time % Phy DF OF
1 Nick Mattson Mike Reilly 60 1 2 2
2 Patrick Sieloff Julius Honka 40 1 2 2
Last Minutes Offensive
Center Left Wing Right Wing Defense Defense
Michael Chaput Stefan Matteau J.T. Brown Nick Mattson Mike Reilly
Last Minutes Defensive
Center Left Wing Right Wing Defense Defense
Michael Chaput Stefan Matteau J.T. Brown Nick Mattson Mike Reilly
Goaltenders
Starting : Mark Visentin
Backup : Mackenzie Blackwood
Extra Forwards
Normal : Myles Bell, Mattias Janmark, Ross Johnston - PP : Myles Bell, Mattias Janmark - PK : Ross Johnston
Extra Defensemen
Normal : Duncan Siemens, Jeremy Davies, Calle Andersson - PP : Duncan Siemens - PK : Jeremy Davies, Calle Andersson
Penalty Shots
Stefan Matteau, J.T. Brown, Andrew Mangiapane, Michael Chaput, Mikhail Grigorenko
Scratches
Kristian Reichel (Healthy), Nikita Scherbak (Torn Left MCL Injury), Dillon Dube (Healthy), Jackson Cates (Right Eye Injury), Andrew Poturalski (Torn Right MCL Injury)
Michael Giugovaz (Healthy), Jack LaFontaine (Healthy)
Penguins
5 vs 5 Forward
Center Left Wing Right Wing Time % Phy DF OF
1 Evan Rodrigues Andy Andreoff Matthew Tkachuk 40 1 2 2
2 Adam Brooks Iven Barbashev Victor Olofsson 30 1 2 2
3 Eetu Luostarinen Juuso Ikonen Max Gortz 20 1 2 2
4 Denis Malgin Jeff Malott Sam Kurker 10 1 2 2
5 vs 5 Defense
Defense Defense Time % Phy DF OF
1 Andrew O'Brien Brett Kulak 40 1 2 2
2 Gavin Bayreuther Danny Biega 30 1 2 2
3 John Marino Matthew Finn 20 1 2 2
4 Austin Strand Andrew O'Brien 10 1 2 2
PowerPlay Forward
Center Left Wing Right Wing Time % Phy DF OF
1 Evan Rodrigues Andy Andreoff Matthew Tkachuk 60 1 2 2
2 Adam Brooks Iven Barbashev Victor Olofsson 40 1 2 2
PowerPlay Defense
Defense Defense Time % Phy DF OF
1 Andrew O'Brien Brett Kulak 60 1 2 2
2 Gavin Bayreuther Danny Biega 40 1 2 2
Penalty Kill 4 Players Forward
Center Wing Time % Phy DF OF
1 Evan Rodrigues Andy Andreoff 60 1 2 2
2 Adam Brooks Iven Barbashev 40 1 2 2
Penalty Kill 4 Players Defense
Defense Defense Time % Phy DF OF
1 Andrew O'Brien Brett Kulak 60 1 2 2
2 Gavin Bayreuther Danny Biega 40 1 2 2
Penalty Kill - 3 Players Forward
Forward Time % Phy DF OF
1 Evan Rodrigues 60 1 2 2
2 Adam Brooks 40 1 2 2
Penalty Kill - 3 Players Defense
Defense Defense Time % Phy DF OF
1 Andrew O'Brien Brett Kulak 60 1 2 2
2 Gavin Bayreuther Danny Biega 40 1 2 2
4 vs 4 Forward
Center Wing Time % Phy DF OF
1 Evan Rodrigues Andy Andreoff 60 1 2 2
2 Adam Brooks Iven Barbashev 40 1 2 2
4 vs 4 Defense
Defense Defense Time % Phy DF OF
1 Andrew O'Brien Brett Kulak 60 1 2 2
2 Gavin Bayreuther Danny Biega 40 1 2 2
Last Minutes Offensive
Center Left Wing Right Wing Defense Defense
Evan Rodrigues Andy Andreoff Matthew Tkachuk Andrew O'Brien Brett Kulak
Last Minutes Defensive
Center Left Wing Right Wing Defense Defense
Evan Rodrigues Andy Andreoff Matthew Tkachuk Andrew O'Brien Brett Kulak
Goaltenders
Starting : Anthony Stolarz
Backup : Jeremy Swayman
Extra Forwards
Normal : Iven Barbashev, Max Gortz, Sam Kurker - PP : Iven Barbashev, Max Gortz - PK : Iven Barbashev
Extra Defensemen
Normal : John Marino, Matthew Finn, Austin Strand - PP : John Marino - PK : John Marino, Matthew Finn
Penalty Shots
Andy Andreoff, Matthew Tkachuk, Victor Olofsson, Evan Rodrigues, Iven Barbashev
Scratches
Jesper Boqvist (Healthy), Brett Pollock (Healthy), Curtis Hamilton (Healthy), Dakota Mermis (Sports Hernia Injury), Josh Ho-Sang (Healthy)
Raphael Bussieres (Healthy), Steven Spinner (Healthy), German Rubtsov (Healthy), Cal Petersen (Healthy)
% Time on Ice - Icehogs
Lines # - Real PCT - Wanted PCT - Time Play
Normal Forward
1 - 37% - 40% - 18:11
2 - 31% - 30% - 15:38
3 - 27% - 20% - 13:14
4 - 6% - 10% - 2:45
Normal Defense
1 - 41% - 40% - 20:29
2 - 30% - 30% - 15:09
3 - 19% - 20% - 9:24
4 - 10% - 10% - 4:46
PP Forward
1 - 59% - 60% - 4:53
2 - 41% - 40% - 3:20
PP Defense
1 - 61% - 60% - 4:59
2 - 39% - 40% - 3:14
PK Forward
1 - 69% - 60% - 1:22
2 - 31% - 40% - 0:37
PK Defense
1 - 44% - 60% - 0:52
2 - 56% - 40% - 1:07
PK3 Forward
1 - 0% - 60%
2 - 0% - 40%
PK3 Defense
1 - 0% - 60%
2 - 0% - 40%
44 Forward
1 - 0% - 60%
2 - 0% - 40%
44 Defense
1 - 0% - 60%
2 - 0% - 40%
Last Minute Offensive - 0:00
Last Minute Defensive - 0:00
Total
Forward - 60:00
Defense - 60:00
|
% Time on Ice - Penguins
Lines # - Real PCT - Wanted PCT - Time Play
Normal Forward
1 - 34% - 40% - 16:54
2 - 29% - 30% - 14:26
3 - 22% - 20% - 11:09
4 - 15% - 10% - 7:19
Normal Defense
1 - 38% - 40% - 18:59
2 - 30% - 30% - 14:59
3 - 23% - 20% - 11:25
4 - 9% - 10% - 4:25
PP Forward
1 - 54% - 60% - 1:04
2 - 46% - 40% - 0:55
PP Defense
1 - 54% - 60% - 1:04
2 - 46% - 40% - 0:55
PK Forward
1 - 83% - 60% - 6:47
2 - 17% - 40% - 1:26
PK Defense
1 - 58% - 60% - 4:47
2 - 42% - 40% - 3:26
PK3 Forward
1 - 0% - 60%
2 - 0% - 40%
PK3 Defense
1 - 0% - 60%
2 - 0% - 40%
44 Forward
1 - 0% - 60%
2 - 0% - 40%
44 Defense
1 - 0% - 60%
2 - 0% - 40%
Last Minute Offensive - 0:00
Last Minute Defensive - 0:00
Total
Forward - 60:00
Defense - 60:00
|
Play-by-Play
1st period
0:01 of 1st period - Michael Chaput wins face-off versus Matthew Tkachuk in neutral zone.
0:35 of 1st period - Nick Mattson is hit by Brett Kulak and loses puck.
2:02 of 1st period - Slapshot by Gavin Bayreuther.
2:02 of 1st period - Stopped by Mark Visentin with a rebound.
2:28 of 1st period - J.T. Brown is hit by Denis Malgin and loses puck.
2:43 of 1st period - Snap shot by Jeff Malott.
2:43 of 1st period - Deflect By Adam Brooks.
2:43 of 1st period - Shot Misses the Net.
2:43 of 1st period - Puck is out of play.
2:44 of 1st period - Clark Bishop wins face-off versus Adam Brooks in Icehogs zone.
2:51 of 1st period - Wrist shot by Andrew Mangiapane.
2:51 of 1st period - Shot Blocked by Gavin Bayreuther.
3:05 of 1st period - Snap shot by Andy Andreoff.
3:05 of 1st period - Stopped by Mark Visentin without a rebound.
3:06 of 1st period - Evan Rodrigues wins face-off versus Kurtis Gabriel in Icehogs zone.
3:11 of 1st period - Wrist shot by Matthew Tkachuk.
3:11 of 1st period - Shot Blocked by Patrick Sieloff.
3:13 of 1st period - Wrist shot by Andy Andreoff.
3:13 of 1st period - Shot Misses the Net.
3:15 of 1st period - Slapshot by John Marino.
3:15 of 1st period - Shot Blocked by Mikhail Grigorenko.
3:17 of 1st period - Slapshot by Matthew Finn.
3:17 of 1st period - Stopped by Mark Visentin without a rebound.
3:18 of 1st period - Michael Chaput wins face-off versus Evan Rodrigues in Icehogs zone.
4:28 of 1st period - Sam Kurker is hit by Mike Reilly and loses puck.
4:51 of 1st period - Snap shot by Juuso Ikonen.
4:51 of 1st period - Shot Misses the Net.
4:53 of 1st period - Wrist shot by Juuso Ikonen.
4:53 of 1st period - Stopped by Mark Visentin with a rebound.
4:55 of 1st period - Backhand shot by Matthew Finn.
4:55 of 1st period - Deflect By Juuso Ikonen.
4:55 of 1st period - Shot Misses the Net.
4:55 of 1st period - Puck is out of play.
4:56 of 1st period - Evan Rodrigues wins face-off versus Andrew Mangiapane in Icehogs zone.
5:07 of 1st period - Snap shot by Matthew Tkachuk.
5:07 of 1st period - Stopped by Mark Visentin without a rebound.
5:08 of 1st period - Evan Rodrigues wins face-off versus Michael Chaput in Icehogs zone.
5:12 of 1st period - Minor Penalty to Patrick Sieloff for High sticking.
5:13 of 1st period - Stefan Matteau wins face-off versus Evan Rodrigues in Icehogs zone.
5:13 of 1st period - Stefan Matteau is hit by Andy Andreoff.
7:12 of 1st period - Penalty to Patrick Sieloff is over, Patrick Sieloff is back on ice.
7:12 of 1st period - Andy Andreoff is hit by Michael Chaput and loses puck.
9:24 of 1st period - Icing by J.T. Brown.
9:25 of 1st period - Clark Bishop wins face-off versus Eetu Luostarinen in Icehogs zone.
9:46 of 1st period - Michael Chaput is hit by Andrew O'Brien and loses puck.
10:11 of 1st period - Slapshot by Victor Olofsson.
10:11 of 1st period - Stopped by Mark Visentin with a rebound.
10:13 of 1st period - Wrist shot by Victor Olofsson.
10:13 of 1st period - Goal by Victor Olofsson - Icehogs : 0 - Penguins : 1.
10:14 of 1st period - Andy Andreoff wins face-off versus Michael Chaput in neutral zone.
10:48 of 1st period - Wrist shot by Hudson Fasching.
10:48 of 1st period - Shot Blocked by Danny Biega.
11:27 of 1st period - Wrist shot by Stefan Matteau.
11:27 of 1st period - Shot Misses the Net.
12:58 of 1st period - J.T. Brown is hit by Juuso Ikonen and loses puck.
13:50 of 1st period - Wrist shot by Jeff Malott.
13:50 of 1st period - Deflect By Sam Kurker.
13:50 of 1st period - Shot Misses the Net.
13:50 of 1st period - Puck is out of play.
13:51 of 1st period - Sam Kurker wins face-off versus Nick Paul in Icehogs zone.
14:34 of 1st period - Snap shot by Hudson Fasching.
14:34 of 1st period - Shot Misses the Net.
14:50 of 1st period - Snap shot by Max Gortz.
14:50 of 1st period - Shot Misses the Net.
14:52 of 1st period - Snap shot by Juuso Ikonen.
14:52 of 1st period - Stopped by Mark Visentin without a rebound.
14:53 of 1st period - Michael Chaput wins face-off versus Eetu Luostarinen in Icehogs zone.
14:58 of 1st period - Snap shot by Michael Chaput.
14:58 of 1st period - Stopped by Anthony Stolarz without a rebound.
14:59 of 1st period - Michael Chaput wins face-off versus Evan Rodrigues in Penguins zone.
15:00 of 1st period - Snap shot by J.T. Brown.
15:00 of 1st period - Shot Misses the Net.
15:02 of 1st period - Wrist shot by Stefan Matteau.
15:02 of 1st period - Shot Blocked by Gavin Bayreuther.
15:08 of 1st period - Snap shot by J.T. Brown.
15:08 of 1st period - Goal by J.T. Brown - Icehogs : 1 - Penguins : 1.
15:09 of 1st period - Michael Chaput wins face-off versus Evan Rodrigues in neutral zone.
15:16 of 1st period - Snap shot by J.T. Brown.
15:16 of 1st period - Stopped by Anthony Stolarz with a rebound.
15:22 of 1st period - Wrist shot by Stefan Matteau.
15:22 of 1st period - Stopped by Anthony Stolarz with a rebound.
15:24 of 1st period - Slapshot by Michael Chaput.
15:24 of 1st period - Goal by Michael Chaput - Icehogs : 2 - Penguins : 1.
15:25 of 1st period - Michael Chaput wins face-off versus Evan Rodrigues in neutral zone.
15:50 of 1st period - Hudson Fasching is hit by Adam Brooks and loses puck.
15:57 of 1st period - Wrist shot by Iven Barbashev.
15:57 of 1st period - Stopped by Mark Visentin with a rebound.
16:15 of 1st period - Mikhail Grigorenko is hit by Gavin Bayreuther and loses puck.
16:30 of 1st period - Snap shot by Andy Andreoff.
16:30 of 1st period - Goal by Andy Andreoff - Icehogs : 2 - Penguins : 2.
16:31 of 1st period - Evan Rodrigues wins face-off versus Michael Chaput in neutral zone.
16:43 of 1st period - Snap shot by Matthew Tkachuk.
16:43 of 1st period - Shot Misses the Net.
16:45 of 1st period - Snap shot by Matthew Tkachuk.
16:45 of 1st period - Shot Blocked by J.T. Brown.
16:57 of 1st period - Nick Mattson is hit by Victor Olofsson and loses puck.
17:13 of 1st period - Hudson Fasching is hit by Adam Brooks and loses puck.
17:20 of 1st period - Snap shot by Andrew Mangiapane.
17:20 of 1st period - Stopped by Anthony Stolarz with a rebound.
17:22 of 1st period - Snap shot by Clark Bishop.
17:22 of 1st period - Goal by Clark Bishop - Icehogs : 3 - Penguins : 2.
17:23 of 1st period - Michael Chaput wins face-off versus Evan Rodrigues in neutral zone.
17:34 of 1st period - Slapshot by Brett Kulak.
17:34 of 1st period - Stopped by Mark Visentin with a rebound.
18:53 of 1st period - Snap shot by Andrew Mangiapane.
18:53 of 1st period - Goal by Andrew Mangiapane - Icehogs : 4 - Penguins : 2.
18:53 of 1st period - Jeremy Swayman enters game.
18:54 of 1st period - Michael Chaput wins face-off versus Evan Rodrigues in neutral zone.
Goals for this period are 4 for Icehogs vs 2 for Penguins.
Shots for this period are 8 for Icehogs vs 11 for Penguins.
2nd period
0:01 of 2nd period - Michael Chaput wins face-off versus Evan Rodrigues in neutral zone.
0:04 of 2nd period - Andy Andreoff is hit by J.T. Brown and loses puck.
0:50 of 2nd period - Snap shot by Kurtis Gabriel.
0:50 of 2nd period - Stopped by Jeremy Swayman with a rebound.
0:52 of 2nd period - Wrist shot by Kurtis Gabriel.
0:52 of 2nd period - Stopped by Jeremy Swayman with a rebound.
0:54 of 2nd period - Wrist shot by Mikhail Grigorenko.
0:54 of 2nd period - Shot Misses the Net.
1:31 of 2nd period - Snap shot by Matthew Tkachuk.
1:31 of 2nd period - Deflect By Nick Mattson.
1:31 of 2nd period - Stopped by Mark Visentin with a rebound.
1:39 of 2nd period - Snap shot by Matthew Tkachuk.
1:39 of 2nd period - Stopped by Mark Visentin with a rebound.
1:41 of 2nd period - Slapshot by Andy Andreoff.
1:41 of 2nd period - Stopped by Mark Visentin with a rebound.
1:59 of 2nd period - Snap shot by Iven Barbashev.
1:59 of 2nd period - Stopped by Mark Visentin without a rebound.
2:00 of 2nd period - Michael Chaput wins face-off versus Evan Rodrigues in Icehogs zone.
2:25 of 2nd period - Wrist shot by Iven Barbashev.
2:25 of 2nd period - Stopped by Mark Visentin with a rebound.
2:43 of 2nd period - Wrist shot by Kurtis Gabriel.
2:43 of 2nd period - Shot Misses the Net.
2:46 of 2nd period - Icing by Eetu Luostarinen.
2:47 of 2nd period - Eetu Luostarinen wins face-off versus Nick Paul in Penguins zone.
2:47 of 2nd period - Eetu Luostarinen is hit by Mikhail Grigorenko.
3:05 of 2nd period - Snap shot by Andrew O'Brien.
3:05 of 2nd period - Shot Blocked by Nick Paul.
3:37 of 2nd period - Wrist shot by Juuso Ikonen.
3:37 of 2nd period - Stopped by Mark Visentin with a rebound.
3:39 of 2nd period - Wrist shot by Max Gortz.
3:39 of 2nd period - Stopped by Mark Visentin with a rebound.
3:53 of 2nd period - Snap shot by Max Gortz.
3:53 of 2nd period - Stopped by Mark Visentin with a rebound.
3:55 of 2nd period - Snap shot by Max Gortz.
3:55 of 2nd period - Deflect By Juuso Ikonen.
3:55 of 2nd period - Shot Misses the Net.
3:55 of 2nd period - Puck is out of play.
3:56 of 2nd period - Clark Bishop wins face-off versus Evan Rodrigues in Icehogs zone.
3:56 of 2nd period - Clark Bishop is hit by Evan Rodrigues.
4:18 of 2nd period - Minor Penalty to Andy Andreoff for Hooking.
4:19 of 2nd period - Michael Chaput wins face-off versus Evan Rodrigues in Penguins zone.
4:20 of 2nd period - Slapshot by J.T. Brown.
4:20 of 2nd period - Stopped by Jeremy Swayman without a rebound.
4:21 of 2nd period - Evan Rodrigues wins face-off versus Michael Chaput in Penguins zone.
4:34 of 2nd period - Danny Biega is hit by J.T. Brown and loses puck.
5:44 of 2nd period - Brett Kulak is hit by Andrew Mangiapane and loses puck.
6:18 of 2nd period - Penalty to Andy Andreoff is over, Andy Andreoff is back on ice.
6:42 of 2nd period - Slapshot by Kurtis Gabriel.
6:42 of 2nd period - Shot Blocked by Jeff Malott.
6:44 of 2nd period - Slapshot by Mikhail Grigorenko.
6:44 of 2nd period - Shot Misses the Net.
6:46 of 2nd period - Snap shot by Mikhail Grigorenko.
6:46 of 2nd period - Stopped by Jeremy Swayman with a rebound.
6:48 of 2nd period - Slapshot by Nick Mattson.
6:48 of 2nd period - Stopped by Jeremy Swayman with a rebound.
7:02 of 2nd period - Andrew Mangiapane is hit by Iven Barbashev and loses puck.
8:24 of 2nd period - Duncan Siemens is hit by Iven Barbashev and loses puck.
8:43 of 2nd period - Icing by Patrick Sieloff.
8:44 of 2nd period - Max Gortz wins face-off versus Myles Bell in Icehogs zone.
8:53 of 2nd period - Backhand shot by Juuso Ikonen.
8:53 of 2nd period - Shot Misses the Net.
9:05 of 2nd period - Wrist shot by Stefan Matteau.
9:05 of 2nd period - Shot Misses the Net.
9:07 of 2nd period - Snap shot by J.T. Brown.
9:07 of 2nd period - Deflect By Michael Chaput.
9:07 of 2nd period - Stopped by Jeremy Swayman with a rebound.
9:09 of 2nd period - Wrist shot by J.T. Brown.
9:09 of 2nd period - Shot Misses the Net.
9:11 of 2nd period - Slapshot by Stefan Matteau.
9:11 of 2nd period - Stopped by Jeremy Swayman without a rebound.
9:12 of 2nd period - Adam Brooks wins face-off versus Michael Chaput in Penguins zone.
9:12 of 2nd period - Adam Brooks is hit by Stefan Matteau.
9:22 of 2nd period - Backhand shot by Brett Kulak.
9:22 of 2nd period - Shot Misses the Net.
9:24 of 2nd period - Slapshot by Andrew O'Brien.
9:24 of 2nd period - Stopped by Mark Visentin with a rebound.
9:26 of 2nd period - Slapshot by Andrew O'Brien.
9:26 of 2nd period - Shot Misses the Net.
9:28 of 2nd period - Snap shot by Adam Brooks.
9:28 of 2nd period - Shot Misses the Net.
9:38 of 2nd period - Mike Reilly is hit by Evan Rodrigues and loses puck.
10:01 of 2nd period - Slapshot by Gavin Bayreuther.
10:01 of 2nd period - Deflect By Sam Kurker.
10:01 of 2nd period - Shot Misses the Net.
10:01 of 2nd period - Puck is out of play.
10:02 of 2nd period - Michael Chaput wins face-off versus Sam Kurker in Icehogs zone.
10:02 of 2nd period - Michael Chaput is hit by Denis Malgin.
10:11 of 2nd period - Minor Penalty to Denis Malgin for Interference.
10:12 of 2nd period - Evan Rodrigues wins face-off versus Michael Chaput in Penguins zone.
10:26 of 2nd period - Snap shot by Evan Rodrigues.
10:26 of 2nd period - Shot Blocked by Mike Reilly.
10:28 of 2nd period - Slapshot by Andrew O'Brien.
10:28 of 2nd period - Stopped by Mark Visentin without a rebound.
10:29 of 2nd period - Evan Rodrigues wins face-off versus Michael Chaput in Icehogs zone.
10:37 of 2nd period - Off-side.
10:38 of 2nd period - Evan Rodrigues wins face-off versus J.T. Brown in neutral zone.
10:53 of 2nd period - Snap shot by Stefan Matteau.
10:53 of 2nd period - Goal by Stefan Matteau - Icehogs : 5 - Penguins : 2.
10:54 of 2nd period - Michael Chaput wins face-off versus Evan Rodrigues in neutral zone.
10:59 of 2nd period - Wrist shot by J.T. Brown.
10:59 of 2nd period - Stopped by Jeremy Swayman without a rebound.
11:00 of 2nd period - Evan Rodrigues wins face-off versus Michael Chaput in Penguins zone.
11:05 of 2nd period - J.T. Brown is hit by Evan Rodrigues.
12:57 of 2nd period - Wrist shot by Andrew Mangiapane.
12:57 of 2nd period - Shot Misses the Net.
13:08 of 2nd period - Icing by Clark Bishop.
13:09 of 2nd period - Eetu Luostarinen wins face-off versus Nick Paul in Icehogs zone.
13:12 of 2nd period - Snap shot by Juuso Ikonen.
13:12 of 2nd period - Stopped by Mark Visentin with a rebound.
13:44 of 2nd period - Off-side.
13:45 of 2nd period - Michael Chaput wins face-off versus Evan Rodrigues in neutral zone.
13:58 of 2nd period - Slapshot by Stefan Matteau.
13:58 of 2nd period - Stopped by Jeremy Swayman with a rebound.
14:00 of 2nd period - Wrist shot by Michael Chaput.
14:00 of 2nd period - Shot Misses the Net.
14:10 of 2nd period - Nick Mattson is hit by Iven Barbashev and loses puck.
14:35 of 2nd period - Max Gortz is hit by Nick Mattson and loses puck.
14:44 of 2nd period - Juuso Ikonen is hit by Kurtis Gabriel and loses puck.
15:33 of 2nd period - Mikhail Grigorenko is hit by Victor Olofsson and loses puck.
15:42 of 2nd period - Snap shot by Victor Olofsson.
15:42 of 2nd period - Shot Misses the Net.
16:19 of 2nd period - Andrew Mangiapane is hit by Evan Rodrigues and loses puck.
16:24 of 2nd period - Wrist shot by Andy Andreoff.
16:24 of 2nd period - Deflect By Matthew Tkachuk.
16:24 of 2nd period - Shot Misses the Net.
16:24 of 2nd period - Puck is out of play.
16:25 of 2nd period - Adam Brooks wins face-off versus Clark Bishop in Icehogs zone.
16:52 of 2nd period - Off-side.
16:53 of 2nd period - Matthew Tkachuk wins face-off versus Michael Chaput in neutral zone.
17:05 of 2nd period - Off-side.
17:06 of 2nd period - Michael Chaput wins face-off versus Evan Rodrigues in neutral zone.
17:31 of 2nd period - Iven Barbashev is hit by Nick Mattson and loses puck.
17:36 of 2nd period - Slapshot by Mikhail Grigorenko.
17:36 of 2nd period - Deflect By Kurtis Gabriel.
17:36 of 2nd period - Stopped by Jeremy Swayman without a rebound.
17:37 of 2nd period - Nick Paul wins face-off versus Adam Brooks in Penguins zone.
18:21 of 2nd period - Slapshot by Iven Barbashev.
18:21 of 2nd period - Stopped by Mark Visentin with a rebound.
18:34 of 2nd period - Kurtis Gabriel is hit by Adam Brooks and loses puck.
19:14 of 2nd period - Slapshot by Mikhail Grigorenko.
19:14 of 2nd period - Stopped by Jeremy Swayman with a rebound.
19:16 of 2nd period - Snap shot by Mikhail Grigorenko.
19:16 of 2nd period - Shot Misses the Net.
19:18 of 2nd period - Slapshot by Mike Reilly.
19:18 of 2nd period - Deflect By Nick Paul.
19:18 of 2nd period - Shot Misses the Net.
19:18 of 2nd period - Puck is out of play.
19:19 of 2nd period - Michael Chaput wins face-off versus Evan Rodrigues in Penguins zone.
19:32 of 2nd period - Wrist shot by Stefan Matteau.
19:32 of 2nd period - Stopped by Jeremy Swayman with a rebound.
19:34 of 2nd period - Wrist shot by Stefan Matteau.
19:34 of 2nd period - Stopped by Jeremy Swayman with a rebound.
Goals for this period are 1 for Icehogs vs 0 for Penguins.
Shots for this period are 14 for Icehogs vs 12 for Penguins.
3rd period
0:01 of 3rd period - Michael Chaput wins face-off versus Evan Rodrigues in neutral zone.
0:22 of 3rd period - Icing by Matthew Tkachuk.
0:23 of 3rd period - Adam Brooks wins face-off versus Clark Bishop in Penguins zone.
0:27 of 3rd period - Off-side.
0:28 of 3rd period - Adam Brooks wins face-off versus Clark Bishop in neutral zone.
0:33 of 3rd period - Wrist shot by Hudson Fasching.
0:33 of 3rd period - Shot Blocked by Brett Kulak.
0:59 of 3rd period - Slapshot by Michael Chaput.
0:59 of 3rd period - Stopped by Jeremy Swayman with a rebound.
1:12 of 3rd period - Icing by Brett Kulak.
1:13 of 3rd period - Nick Paul wins face-off versus Evan Rodrigues in Penguins zone.
1:24 of 3rd period - Wrist shot by Andrew Mangiapane.
1:24 of 3rd period - Stopped by Jeremy Swayman without a rebound.
1:25 of 3rd period - Adam Brooks wins face-off versus Michael Chaput in Penguins zone.
1:36 of 3rd period - Snap shot by Iven Barbashev.
1:36 of 3rd period - Stopped by Mark Visentin with a rebound.
1:38 of 3rd period - Snap shot by Iven Barbashev.
1:38 of 3rd period - Stopped by Mark Visentin without a rebound.
1:39 of 3rd period - Matthew Tkachuk wins face-off versus Michael Chaput in Icehogs zone.
2:03 of 3rd period - Minor Penalty to Andrew O'Brien for Roughing.
2:04 of 3rd period - Evan Rodrigues wins face-off versus Michael Chaput in Penguins zone.
2:12 of 3rd period - Evan Rodrigues is hit by Nick Mattson and loses puck.
4:03 of 3rd period - Penalty to Andrew O'Brien is over, Andrew O'Brien is back on ice.
4:12 of 3rd period - Slapshot by Andrew O'Brien.
4:12 of 3rd period - Stopped by Mark Visentin without a rebound.
4:13 of 3rd period - Nick Paul wins face-off versus Jeff Malott in Icehogs zone.
4:18 of 3rd period - Slapshot by Mikhail Grigorenko.
4:18 of 3rd period - Stopped by Jeremy Swayman with a rebound.
4:20 of 3rd period - Wrist shot by Nick Paul.
4:20 of 3rd period - Deflect By Kurtis Gabriel.
4:20 of 3rd period - Stopped by Jeremy Swayman with a rebound.
4:22 of 3rd period - Wrist shot by Mikhail Grigorenko.
4:22 of 3rd period - Stopped by Jeremy Swayman without a rebound.
4:23 of 3rd period - Evan Rodrigues wins face-off versus Clark Bishop in Penguins zone.
4:56 of 3rd period - Slapshot by Gavin Bayreuther.
4:56 of 3rd period - Shot Misses the Net.
5:26 of 3rd period - Iven Barbashev is hit by Andrew Mangiapane and loses puck.
6:19 of 3rd period - Hudson Fasching is hit by Sam Kurker.
8:26 of 3rd period - Backhand shot by Evan Rodrigues.
8:26 of 3rd period - Shot Misses the Net.
8:28 of 3rd period - Wrist shot by Andrew O'Brien.
8:28 of 3rd period - Shot Misses the Net.
8:32 of 3rd period - Snap shot by Matthew Tkachuk.
8:32 of 3rd period - Shot Misses the Net.
9:52 of 3rd period - Icing by John Marino.
9:53 of 3rd period - Clark Bishop wins face-off versus Evan Rodrigues in Penguins zone.
10:02 of 3rd period - Slapshot by Hudson Fasching.
10:02 of 3rd period - Stopped by Jeremy Swayman without a rebound.
10:03 of 3rd period - Michael Chaput wins face-off versus Eetu Luostarinen in Penguins zone.
10:18 of 3rd period - Wrist shot by Michael Chaput.
10:18 of 3rd period - Stopped by Jeremy Swayman without a rebound.
10:19 of 3rd period - Evan Rodrigues wins face-off versus Clark Bishop in Penguins zone.
10:28 of 3rd period - Snap shot by Hudson Fasching.
10:28 of 3rd period - Stopped by Jeremy Swayman with a rebound.
10:44 of 3rd period - Brett Kulak is hit by Nick Mattson.
11:08 of 3rd period - Danny Biega is hit by Kurtis Gabriel.
11:28 of 3rd period - Andrew Mangiapane is hit by John Marino and loses puck.
12:07 of 3rd period - Snap shot by Stefan Matteau.
12:07 of 3rd period - Stopped by Jeremy Swayman without a rebound.
12:08 of 3rd period - Stefan Matteau wins face-off versus Adam Brooks in Penguins zone.
12:19 of 3rd period - Snap shot by Iven Barbashev.
12:19 of 3rd period - Stopped by Mark Visentin with a rebound.
12:33 of 3rd period - Hudson Fasching is hit by Juuso Ikonen and loses puck.
13:02 of 3rd period - Wrist shot by Matthew Tkachuk.
13:02 of 3rd period - Stopped by Mark Visentin without a rebound.
13:03 of 3rd period - Clark Bishop wins face-off versus Evan Rodrigues in Icehogs zone.
13:30 of 3rd period - Snap shot by Victor Olofsson.
13:30 of 3rd period - Stopped by Mark Visentin with a rebound.
13:32 of 3rd period - Snap shot by Adam Brooks.
13:32 of 3rd period - Stopped by Mark Visentin without a rebound.
13:33 of 3rd period - Adam Brooks wins face-off versus Michael Chaput in Icehogs zone.
13:33 of 3rd period - Adam Brooks is hit by Nick Mattson.
13:41 of 3rd period - Slapshot by Gavin Bayreuther.
13:41 of 3rd period - Stopped by Mark Visentin without a rebound.
13:42 of 3rd period - Michael Chaput wins face-off versus Adam Brooks in Icehogs zone.
13:57 of 3rd period - Snap shot by Michael Chaput.
13:57 of 3rd period - Shot Misses the Net.
14:36 of 3rd period - Slapshot by Mikhail Grigorenko.
14:36 of 3rd period - Shot Misses the Net.
14:38 of 3rd period - Snap shot by Kurtis Gabriel.
14:38 of 3rd period - Shot Misses the Net.
14:40 of 3rd period - Slapshot by Nick Mattson.
14:40 of 3rd period - Stopped by Jeremy Swayman with a rebound.
15:04 of 3rd period - Minor Penalty to Brett Kulak for Tripping.
15:05 of 3rd period - Michael Chaput wins face-off versus Evan Rodrigues in Penguins zone.
15:10 of 3rd period - Backhand shot by J.T. Brown.
15:10 of 3rd period - Shot Blocked by Gavin Bayreuther.
15:30 of 3rd period - Wrist shot by Andrew Mangiapane.
15:30 of 3rd period - Stopped by Jeremy Swayman without a rebound.
15:31 of 3rd period - Evan Rodrigues wins face-off versus Hudson Fasching in Penguins zone.
15:44 of 3rd period - Wrist shot by Hudson Fasching.
15:44 of 3rd period - Stopped by Jeremy Swayman with a rebound.
16:00 of 3rd period - Iven Barbashev is hit by Mike Reilly and loses puck.
17:04 of 3rd period - Penalty to Brett Kulak is over, Brett Kulak is back on ice.
17:07 of 3rd period - J.T. Brown is hit by Jeff Malott and loses puck.
17:14 of 3rd period - Snap shot by Denis Malgin.
17:14 of 3rd period - Shot Blocked by J.T. Brown.
17:14 of 3rd period - J.T. Brown from Icehogs is injured at 17:14 of 3rd period (Broken Bone (Left Ankle)).
17:15 of 3rd period - Michael Chaput wins face-off versus Evan Rodrigues in Icehogs zone.
18:01 of 3rd period - Wrist shot by Michael Chaput.
18:01 of 3rd period - Stopped by Jeremy Swayman with a rebound.
18:03 of 3rd period - Slapshot by Stefan Matteau.
18:03 of 3rd period - Stopped by Jeremy Swayman without a rebound.
18:04 of 3rd period - Clark Bishop wins face-off versus Adam Brooks in Penguins zone.
18:25 of 3rd period - Minor Penalty to Gavin Bayreuther for Cross-checking.
18:26 of 3rd period - Evan Rodrigues wins face-off versus Michael Chaput in Penguins zone.
18:33 of 3rd period - Slapshot by Andy Andreoff.
18:33 of 3rd period - Shot Misses the Net.
18:41 of 3rd period - Slapshot by Evan Rodrigues.
18:41 of 3rd period - Shot Misses the Net.
19:01 of 3rd period - Off-side.
19:02 of 3rd period - Michael Chaput wins face-off versus Adam Brooks in neutral zone.
19:35 of 3rd period - Snap shot by Andrew Mangiapane.
19:35 of 3rd period - Stopped by Jeremy Swayman with a rebound.
Goals for this period are 0 for Icehogs vs 0 for Penguins.
Shots for this period are 15 for Icehogs vs 8 for Penguins.